 Dungeon Crawl Stone Soup version 0.32-a0-834-geaf45d8e21 (webtiles) character file.

Game seed: 127133412901224958

91170 FelidarSovereign the Carver (level 15, -12/134 HPs)
             Began as a Green Draconian Artificer on Mar 25, 2024.
             Was the Champion of Makhleb.
             Mangled by a frost giant
             ... wielding a +0 battleaxe of freezing
              (15 damage)
             ... on level 15 of the Dungeon.
             The game lasted 00:41:12 (22320 turns).

FelidarSovereign the Carver (DrAr)                 Turns: 22320, Time: 00:41:12

Health: -12/134    AC: 17    Str: 15    XL:     15   Next: 54%
Magic:  23/23      EV: 22    Int: 13    God:    Makhleb [******]
Gold:   1594       SH:  7    Dex: 19    Spells: 14/14 levels left

rFire   . . .        q - +1 demon blade
rCold   . . .        J - +0 buckler
rNeg    . . .        (body armour unavailable)
rPois   +            b - +0 hat
rElec   .            (no cloak)
rCorr   .            n - +1 pair of gloves
SInv    .            k - +1 pair of boots
Will    +....        y - amulet of Vitality {Regen++ RegenMP++}
Stlth   +++          E - +5 ring of evasion
HPRegen 2.02/turn    G - ring of Qoasol {AC+4 Int+2}
MPRegen 0.98/turn

%: no passive effects
@: maw-form
A: devouring maw, noxious breath, AC +9, unfitting armour, stinger 1, poison
resistance, cold-blooded
a: Noxious Breath, Begin Untransformation, Renounce Religion, Minor Destruction,
Lesser Servant of Makhleb, Major Destruction, Greater Servant of Makhleb


You were on level 15 of the Dungeon.
You worshipped Makhleb.
Makhleb was exalted by your worship.
You were a creature with a mouth for a stomach.
You visited 4 branches of the dungeon, and saw 23 of its levels.

You collected 2599 gold pieces.
You spent 1005 gold pieces at shops.

Inventory:

Hand Weapons
 q - a +1 demon blade (weapon)
 v - the +9 orcbow of Usuej {freeze, ^Fragile Dex+5}
   (You found it on level 12 of the Dungeon)

   Dex+5:     It affects your dexterity (+5).
   ^Fragile:  It will be destroyed if unequipped.
Missiles
 g - a curare-tipped dart {=f}
 t - a throwing net {=f!f}
Armour
 b - a +0 hat (worn)
 k - a +1 pair of boots (worn)
 n - a +1 pair of gloves (worn)
 J - a +0 buckler (worn)
Jewellery
 p - a ring of willpower
 y - the amulet of Vitality (around neck) {Regen++ RegenMP++}
   (You found it on level 7 of the Dungeon)

   [amulet of nothing]

   Regen++:   It increases your rate of health regeneration.
   RegenMP++: It increases your rate of magic regeneration.
 D - a +6 ring of dexterity
 E - a +5 ring of evasion (left hand)
 G - the ring of Qoasol (right hand) {AC+4 Int+2}
   (You found it on level 12 of the Dungeon)

   [ring of protection]

   AC+4:      It affects your AC (+4).
   Int+2:     It affects your intelligence (+2).
 N - a ring of positive energy
 S - a +6 ring of strength
 W - a ring of magical power
Talismans
 K - a maw talisman (active)
Wands
 s - a wand of digging (1)
 B - a wand of polymorph (6)
 Q - a wand of warping (1)
 R - a wand of charming (7)
Scrolls
 a - a scroll of acquirement
 d - 3 scrolls of silence {!r}
 e - 5 scrolls of enchant armour
 h - a scroll of silence {!r!r}
 l - 3 scrolls of revelation
 x - 2 scrolls of immolation {!r!r}
 C - 2 scrolls of enchant weapon
 F - a scroll of vulnerability {!r!r}
 H - a scroll of blinking {!r}
 L - 2 scrolls of teleportation {@r4}
 M - a scroll of identify {@r1}
 O - 2 scrolls of fear
Potions
 c - 14 potions of curing {@q1}
 f - 8 potions of might
 i - 2 potions of invisibility
 j - 2 potions of berserk rage {!q}
 m - 4 potions of heal wounds {@q2}
 o - a potion of lignification {!q}
 r - 2 potions of mutation {!q}
 u - a potion of cancellation
 w - 4 potions of haste {@q3}
 z - 2 potions of enlightenment
 A - 3 potions of brilliance
 I - a potion of attraction {!q}


   Skills:
 * Level 12.4 Fighting
 - Level 14.0 Long Blades
 + Level 10.0 Dodging
 - Level 5.0 Stealth
 + Level 10.3 Shields
 - Level 11.3 Invocations
 - Level 5.0 Evocations
 + Level 10.7 Shapeshifting


You had 14 spell levels left.
You didn't know any spells.
Your spell library contained the following spells:

 Spells                   Type           Power      Damage    Failure   Level
 Magic Dart               Conj           0%         1d3       36%         1
 Searing Ray              Conj           0%         2d4       50%         2
 Tukima's Dance           Hex            0%         N/A       73%         3
 Animate Dead             Necr           0%         N/A       98%         4
 Brom's Barrelling Bould  Conj/Erth      0%         2d3       98%         4
 Dimensional Bullseye     Hex/Tloc       0%         N/A       98%         4
 Fulminant Prism          Conj/Alch      0%         3d5       98%         4
 Iskenderun's Mystic Bla  Conj/Tloc      0%         2d3       98%         4
 Borgnjor's Vile Clutch   Necr/Erth      0%         N/A       100%        5
 Fireball                 Conj/Fire      0%         3d3       100%        5
 Iskenderun's Battlesphe  Conj           0%         2d6       100%        5
 Conjure Ball Lightning   Conj/Air       0%         3x3d6     100%        6
 Death Channel            Necr           0%         N/A       100%        6
 Haunt                    Necr/Summ      0%         N/A       100%        7
 Orb of Destruction       Conj           0%         9d5       100%        7
 Infestation              Necr           0%         N/A       100%        8


Dungeon Overview and Level Annotations

Branches:
Dungeon (15/15) Temple (1/1) D:7 Lair (5/5) D:11 Shoals (0/4) Lair:2 Spider (0/4) Lair:2 Slime (0/5) Lair:4 Orc (2/2) D:10 Elf (0/3) Orc:2 Vaults (0/5) D:13 D:14 Depths: D:15

Altars:
Ashenzari
Cheibriados
Dithmenos
Elyvilon
Fedhas
Gozag
Hepliaklqana
Kikubaaqudgha
Makhleb
Nemelex Xobeh
Okawaru
Qazlal
Ru
Sif Muna
Trog
Uskayaw
Vehumet
Wu Jian
Xom
Yredelemnul
Zin
The Shining One
Beogh
Jiyva

Shops:
Orc:2 ::[(:[:!

Annotations:
D:14 3 runed translucent doors, Ujyxuu Gaynk's ghost, adept CoAr
D:15 1 transporter, Ucsyphiv's ghost, adept MiFi
Lair:5 2 runed translucent doors


Innate Abilities, Weirdness & Mutations

You are a creature with a mouth for a stomach.
Your midsection houses a second, enormous mouth.
You can breathe blasts of noxious fumes.
Your lurid green scales are hard. (AC +9)
You cannot fit into any form of body armour.
Your tail ends in a venomous barb.
Your system is resistant to poisons. (rPois)
You are cold-blooded and may be slowed by cold attacks.


Message History

The frost giant freezes you.
You hit the frost giant but do no damage.
You bite the frost giant!
The frost giant is engulfed in noxious fumes.
The frost giant appears confused.
The frost giant hits you with a +0 battleaxe of freezing!!
* * * LOW HITPOINT WARNING * * *
The frost giant freezes you!
* * * LOW HITPOINT WARNING * * *
Unknown command.
You hit the frost giant but do no damage.
The frost giant is engulfed in noxious fumes.
You block the frost giant's attack.
Unknown command.
You hit the frost giant.
You bite the frost giant, but do no damage.
You slice the frost giant!!
The frost giant is engulfed in noxious fumes.
The frost giant seems less confused.
The frost giant barely misses you.
You barely miss the frost giant.
You tail-slap the frost giant, but do no damage.
You bite the frost giant, but do no damage.
You hit the frost giant.
You tail-slap the frost giant, but do no damage.
You bite the frost giant, but do no damage.
The frost giant completely misses you.
Unknown command.
You hit the frost giant.
You tail-slap the frost giant, but do no damage.
You bite the frost giant, but do no damage.
The frost giant hits you with a +0 battleaxe of freezing!
* * * LOW HITPOINT WARNING * * *
You feel yourself slow down. The frost giant freezes you.
* * * LOW HITPOINT WARNING * * *
You hit the frost giant but do no damage.
The frost giant points at you and mumbles some strange words.
The bolt of cold hits you!!!
* * * LOW HITPOINT WARNING * * *
Unknown command.
You feel much better.
You feel yourself speed up. You block the frost giant's attack.
Unknown command.
You hit the frost giant.
You bite the frost giant, but do no damage.
The frost giant hits you with a +0 battleaxe of freezing!!!
* * * LOW HITPOINT WARNING * * *
The frost giant freezes you!
You die...

#.#...#......................#
##......#####....##########...#
.........# #.##.# ####...#
##......## #.##.# ##.##...#
...#...## #.##.# ##.###...#
##.##.## .##.# ##.## #...#
#...###### #.# ##.#####...#
#....<...# #C###.........#.#
#...###### ##W..†.....##..##..
##.## ...#.##.#.#.#..........!
#.# .......))...#.....©.©...
#.# ........################
#.# ###.##### ##CWOOO[?[.. #.#
## ## #OC##...##. ..#
#.#O.#.#..# ### #.#.. .#..


You could see a frost giant.

Vanquished Creatures
  Jorgrun (Orc:2)
  Gastronok (D:8)
  An orc warlord (Orc:1)
  3 hydras
  2 ogre magi
  5 centaur warriors
  3 catoblepae
  3 boulder beetles
  Erica (Lair:2)
  9 two-headed ogres
  Urug (D:14)
  7 death yaks
  A deep troll earth mage (D:15)
  3 orc high priests (Orc:2)
  5 skeletal warriors
  3 skysharks
  Lodul (D:13)
  A deep troll (D:7)
  A phantasmal warrior (D:12)
  An arcanist (D:13)
  4 orc knights (Orc:2)
  3 harpies (Lair:2)
  A lindwurm (Lair:5)
  6 ugly things
  4 orc sorcerers (Orc:2)
  A wolf spider (Lair:2)
  2 cyclopes
  2 manticores (D:14)
  8 elephants
  A meliai (D:15)
  3 kobold blastminers (Orc:2)
  7 black mambas
  A torpor snail (Lair:3)
  A black mamba (shapeshifter) (D:15)
  2 molten gargoyles (Lair:5)
  9 cane toads
  A gargoyle (D:12)
  10 komodo dragons
  A freezing wraith (D:15)
  3 rime drakes
  A kobold demonologist (D:10)
  A troll (shapeshifter) (D:13)
  5 trolls
  A polar bear (Lair:2)
  2 hornets
  Prince Ribbit (D:8)
  13 blink frogs
  4 dream sheep (Lair:3)
  A centaur simulacrum (D:14)
  A shadow (D:11)
  5 slime creatures (D:12)
  A wraith (D:10)
  58 yaks
  A vampire (D:10)
  5 fire elementals (D:15)
  16 humans (D:13)
  5 basilisks
  6 wyverns
  2 wargs
  A redback (Lair:2)
  Grum (D:8)
  Eustachio (D:4)
  4 vampire mosquitoes (D:12)
  2 acid dragons (D:12)
  Edmund (D:4)
  11 water moccasins
  3 hell hounds (Lair:5)
  22 orc warriors
  2 black bears (D:4)
  An ice beast (D:7)
  3 sky beasts
  A hornet zombie (D:7)
  5 ogres
  19 wolves
  A boggart (D:13)
  10 centaurs
  3 kobold brigands
  A phantom (D:6)
  12 bullfrogs
  4 scorpions (D:5)
  A wyvern zombie (D:7)
  6 wights (D:7)
  10 killer bees
  4 howler monkeys
  8 electric eels (D:10)
  4 lava snakes (Lair:5)
  A bullfrog zombie (D:7)
  16 orc priests
  2 jellies
  3 iguanas
  2 sleepcaps
  31 orc wizards
  10 gnolls
  8 adders
  2 white imps
  3 dart slugs
  A ribbon worm (D:5)
  A ribbon worm (shapeshifter) (D:13)
  93 orcs
  5 endoplasms
  5 giant cockroaches
  7 goblins
  3 hobgoblins
  3 jackals (D:1)
  14 kobolds
  A quokka (D:1)
  4 ball pythons
  6 bats
  2 frilled lizards (D:1)
  4 rats
620 creatures vanquished.

Vanquished Creatures (collateral kills)
  Azrael (D:15)
  2 hydras (Lair:5)
  2 deep trolls (D:7)
  A black mamba (Lair:5)
  A spriggan (Lair:5)
  2 yaks
  A fire elemental (D:15)
  3 hell hounds
  A hornet zombie (D:7)
  3 wolves (Lair:1)
  A wyvern zombie (D:7)
  A wight (D:7)
  A lava snake (Lair:5)
  2 orc wizards
  A howler monkey zombie (D:7)
  An orc (D:6)
24 creatures vanquished.

Vanquished Creatures (others)
  A deep troll (D:7)
  An ugly thing (D:14)
  A black mamba (Lair:1)
  An orc priest (Orc:2)
  An orc wizard (D:7)
  A killer bee zombie (D:7)
  2 orcs
  2 kobolds (D:10)
10 creatures vanquished.

Grand Total: 654 creatures vanquished

Notes
Turn   | Place    | Note
-------+----------+-------------------------------------------
     0 | D:1      | FelidarSovereign the Draconian Artificer began the quest
                  | for the Orb.
     0 | D:1      | Reached XP level 1. HP: 16/16 MP: 1/1
    18 | D:1      | Reached skill level 1 in Stealth
   107 | D:1      | Reached XP level 2. HP: 23/23 MP: 2/2
   747 | D:2      | Reached XP level 3. HP: 25/29 MP: 3/3
   773 | D:2      | Found a white marble altar of Elyvilon.
  1242 | D:3      | Found a faded altar of an unknown god.
  1922 | D:3      | Reached XP level 4. HP: 29/36 MP: 4/4
  2199 | D:4      | Noticed Edmund
  2253 | D:4      | Killed Edmund
  2254 | D:4      | Reached skill level 3 in Fighting
  2254 | D:4      | Reached skill level 3 in Dodging
  2254 | D:4      | Reached XP level 5. HP: 13/45 MP: 5/5
  2359 | D:4      | Noticed a black bear
  2366 | D:4      | Killed a black bear
  2367 | D:4      | Reached skill level 3 in Stealth
  2367 | D:4      | Reached XP level 6. HP: 34/51 MP: 6/6
  2532 | D:4      | Found a bloodstained altar of Trog.
  2759 | D:4      | Found a snail-covered altar of Cheibriados.
  2943 | D:4      | Noticed Eustachio
  2957 | D:4      | Killed Eustachio
  2958 | D:4      | Your scales start taking on a lurid green colour.
  2958 | D:4      | Reached XP level 7. HP: 43/59 MP: 7/7
  2958 | D:4      | Gained mutation: Your system is resistant to poisons.
                  | (rPois) [Green Draconian growth]
  3337 | D:5      | Entered Level 5 of the Dungeon
  3934 | D:5      | Reached XP level 8. HP: 68/68 MP: 8/8
  4639 | D:6      | Reached skill level 1 in Long Blades
  4757 | D:6      | Identified the +3 glaive of Experimentation {venom, rN+++
                  | Stlth-}
  4803 | D:6      | Reached skill level 2 in Long Blades
  5082 | D:6      | Reached skill level 3 in Long Blades
  5279 | D:6      | Reached skill level 4 in Long Blades
  5480 | D:6      | Reached skill level 5 in Long Blades
  6302 | D:7      | Reached skill level 6 in Long Blades
  6343 | D:7      | Reached XP level 9. HP: 61/74 MP: 9/9
  6465 | D:7      | Reached skill level 7 in Long Blades
  6859 | D:7      | Found a broken altar of Ashenzari.
  7079 | D:7      | Reached skill level 8 in Long Blades
  7255 | D:7      | Found a staircase to the Ecumenical Temple.
  7265 | D:7      | Reached skill level 9 in Long Blades
  7503 | D:7      | Noticed a deep troll
  7504 | D:7      | Noticed a deep troll
  7504 | D:7      | Noticed a deep troll
  7506 | D:7      | Noticed a deep troll
  7510 | D:7      | Killed a deep troll
  7511 | D:7      | Reached skill level 10 in Long Blades
  7513 | D:7      | Killed a deep troll
  7514 | D:7      | Reached XP level 10. HP: 81/81 MP: 10/10
  7519 | D:7      | Found the amulet of Vitality {Regen++ RegenMP++}
  7537 | D:7      | Killed a deep troll
  7538 | D:7      | Reached skill level 11 in Long Blades
  7637 | Temple   | Entered the Ecumenical Temple
  7711 | D:7      | Found an ancient bone altar of Kikubaaqudgha.
  7711 | D:7      | Found a shadowy altar of Dithmenos.
  7713 | D:7      | Found an iron altar of Okawaru.
  7824 | D:8      | Noticed Prince Ribbit
  7884 | D:8      | Killed Prince Ribbit
  7983 | D:8      | Noticed Gastronok
  8001 | D:8      | Killed Gastronok
  8002 | D:8      | Reached skill level 12 in Long Blades
  8002 | D:8      | Found a runed translucent door.
  8261 | D:8      | Noticed Grum
  8371 | D:8      | Killed Grum
  8487 | D:8      | Reached skill level 13 in Long Blades
  8874 | D:8      | Found a roughly hewn altar of Beogh.
  9253 | D:9      | Found a burning altar of Makhleb.
  9323 | D:9      | Reached XP level 11. HP: 88/88 MP: 11/11
  9624 | D:9      | Became a worshipper of Makhleb the Destroyer
  9658 | D:10     | Entered Level 10 of the Dungeon
  9818 | D:10     | Reached skill level 14 in Long Blades
  9859 | D:10     | Found a staircase to the Orcish Mines.
  9862 | D:10     | Noticed a two-headed ogre
  9867 | D:10     | Reached skill level 1 in Invocations
  9902 | D:10     | Found a hide-covered altar of Uskayaw.
  9976 | D:10     | Reached skill level 3 in Invocations
 10057 | D:10     | Killed a two-headed ogre
 10144 | D:10     | Reached * piety under Makhleb
 10326 | D:10     | Reached skill level 6 in Invocations
 10802 | D:11     | Noticed a two-headed ogre
 10809 | D:11     | Killed a two-headed ogre
 10810 | D:11     | Reached skill level 1 in Shields
 10907 | D:11     | Found a staircase to the Lair.
 10963 | D:11     | Reached skill level 6 in Fighting
 10967 | D:11     | Reached skill level 3 in Shields
 11141 | Lair:1   | Entered Level 1 of the Lair of Beasts
 11162 | Lair:1   | Reached ** piety under Makhleb
 11547 | Lair:1   | Reached XP level 12. HP: 86/97 MP: 17/17
 11600 | Lair:1   | Reached skill level 6 in Dodging
 11967 | Lair:1   | Reached *** piety under Makhleb
 12004 | Lair:1   | Reached skill level 6 in Shields
 12463 | Lair:2   | Noticed Erica
 12560 | Lair:2   | Killed Erica
 12718 | Lair:2   | Found a hole to the Spider Nest.
 12950 | Lair:2   | Reached skill level 9 in Invocations
 13057 | Lair:2   | Found a staircase to the Shoals.
 13558 | Lair:3   | Noticed a death yak
 13559 | Lair:3   | Noticed a death yak
 13563 | Lair:3   | Noticed a death yak
 13597 | Lair:3   | Killed a death yak
 13606 | Lair:3   | Killed a death yak
 13618 | Lair:3   | Killed a death yak
 13831 | Lair:3   | Reached **** piety under Makhleb
 13832 | Lair:3   | Reached XP level 13. HP: 104/108 MP: 20/20
 13941 | Lair:3   | Reached skill level 9 in Fighting
 14253 | Lair:3   | You fall into a shaft and drop 2 floors!
 14253 | Lair:5   | Entered Level 5 of the Lair of Beasts
 15205 | Lair:5   | Reached skill level 9 in Shields
 15409 | Lair:5   | Reached skill level 9 in Dodging
 15597 | Lair:3   | Identified a scroll of acquirement
 15701 | Lair:4   | Found a staircase to the Slime Pits.
 15702 | Lair:4   | Found a viscous altar of Jiyva.
 16073 | Lair:4   | Reached skill level 1 in Shapeshifting
 16079 | Lair:4   | Gained mutation: Your tail ends in a venomous barb. [Green
                  | Draconian growth]
 16079 | Lair:4   | Reached XP level 14. HP: 122/122 MP: 22/22
 16241 | Lair:4   | Reached skill level 3 in Shapeshifting
 16757 | Lair:5   | Found a large runed translucent door.
 16768 | Lair:5   | Found a large runed translucent door.
 17377 | Orc:1    | Entered Level 1 of the Orcish Mines
 17500 | Orc:2    | Entered Level 2 of the Orcish Mines
 17544 | Orc:1    | Reached skill level 6 in Shapeshifting
 17675 | Orc:1    | Noticed an orc warlord
 17685 | Orc:1    | Reached ***** piety under Makhleb
 17710 | Orc:1    | Killed an orc warlord
 17871 | Orc:2    | Found Joduibol's Antique Armour Shoppe.
 17957 | Orc:2    | Found Fyffom's Antique Armour Boutique.
 18006 | Orc:2    | Noticed Jorgrun
 18049 | Orc:2    | Killed Jorgrun
 18108 | Orc:2    | Found Bimn's Book Shoppe.
 18178 | Orc:2    | Found Zoklutig's Distillery.
 18182 | Orc:2    | Bought a potion of invisibility for 120 gold pieces
 18182 | Orc:2    | Bought a potion of might for 60 gold pieces
 18182 | Orc:2    | Bought a potion of curing for 45 gold pieces
 18285 | Orc:2    | Found a staircase to the Elven Halls.
 18589 | Orc:2    | Found Huuraxez's Distillery.
 18589 | Orc:2    | Found Byofewue's Book Shoppe.
 18648 | Orc:2    | Found Piyrgh's Weapon Boutique.
 18648 | Orc:2    | Found Taraacw's Book Boutique.
 18806 | Orc:2    | Found Gostrih's Book Emporium.
 18921 | Orc:2    | Bought a pair of glowing gloves for 210 gold pieces
 18974 | Orc:2    | Bought a potion of heal wounds for 75 gold pieces
 18974 | Orc:2    | Bought a potion of curing for 45 gold pieces
 18974 | Orc:2    | Bought a potion of heal wounds for 75 gold pieces
 18974 | Orc:2    | Bought a potion of mutation for 120 gold pieces
 18974 | Orc:2    | Bought a potion of curing for 45 gold pieces
 18974 | Orc:2    | Bought a potion of heal wounds for 75 gold pieces
 18974 | Orc:2    | Bought a potion of curing for 45 gold pieces
 18974 | Orc:2    | Bought a potion of curing for 45 gold pieces
 18974 | Orc:2    | Bought a potion of curing for 45 gold pieces
 19166 | D:12     | Identified the +9 orcbow of Usuej {freeze, ^Fragile Dex+5}
 19190 | D:12     | Reached skill level 9 in Shapeshifting
 19876 | D:12     | Found a runed translucent door.
 20131 | D:12     | Identified the ring of Qoasol {AC+4 Int+2}
 20607 | D:13     | Reached XP level 15. HP: 111/128 MP: 23/23
 20898 | D:14     | Noticed Urug
 20898 | D:14     | Noticed Lodul
 20898 | D:14     | Found a gate to the Vaults.
 20919 | D:13     | Killed Lodul
 21127 | D:14     | Reached ****** piety under Makhleb
 21136 | D:14     | Killed Urug
 21293 | D:14     | Found a runed translucent gate.
 21293 | D:14     | Noticed Ujyxuu Gaynk's ghost (adept CoAr)
 21299 | D:14     | Found a runed translucent gate.
 21300 | D:14     | Found a runed translucent gate.
 21352 | D:14     | Found a shimmering altar of Xom.
 21462 | D:14     | Reached skill level 12 in Fighting
 21630 | D:14     | Found a shimmering altar of Xom.
 22019 | D:14     | Found a roughly hewn altar of Beogh.
 22050 | D:15     | Entered Level 15 of the Dungeon
 22148 | D:15     | Noticed Azrael
 22190 | D:15     | Killed Azrael
 22239 | D:15     | Found a transporter.
 22241 | D:15     | Noticed a fire giant
 22242 | D:15     | Noticed Ucsyphiv's ghost (adept MiFi)
 22261 | D:15     | Noticed a frost giant
 22320 | D:15     | HP: 3/134 [frost giant/+0 battleaxe of freezing (39)]
 22320 | D:15     | Mangled by a frost giant

Illustrated notes

Levels and vault maps discovered:
D:1:      minmay_arrival_radiant_lines, layout_rooms, columned_hall_lemuel,
          amethyst_killhole, serial_park_tiny_1
D:2:      layout_loops_ring, basic_altar
D:3:      layout_loops_corners, nicolae_ecumenical_oubliette, serial_bayou,
          serial_bayou_lagoon_a, serial_bayou_crossing, serial_bayou_lake_a,
          serial_bayou_shore_b
D:4:      layout_gridville, lemuel_crystal_altar, trog_ov_bears_minmay,
          uniq_eustachio, uniq_edmund
D:5:      layout_loops_cross, nicolae_hexahallways
D:6:      layout_cave_pools, nicolae_benzene_ring, minivault_5
D:7:      layout_loops_cross, ashenzari_conservatory_becter,
          nicolae_overflow_hidden_temple, minmay_temple_entry_grid,
          serial_undead, serial_undead_c, serial_undead_a, serial_undead_a,
          serial_undead_d, minivault_24,
          hellmonk_guarded_unrand_vitality_bloodlust
D:8:      layout_basic, roderic_malta_cross, lightli_church_of_beogh,
          uniq_gastronok, uniq_prince_ribbit1, uniq_grum
D:9:      layout_cross, lemuel_round_altar
D:10:     layout_basic, nicolae_uskayaw_suspiria, st_stairs_11
D:11:     layout_rooms, minmay_lair_entry_grove
D:12:     layout_basic, lightli_airlock
D:13:     layout_basic
D:14:     layout_stronghold, david_vaults_3, xom_redecorated,
          biasface_ghost_orc_armoury
D:15:     hellmonk_depths_entry_around_the_bend, layout_loops_ring,
          gammafunk_ghost_smash, uniq_azrael
Temple:   nicolae_temple_two_arcs
Lair:1:   layout_cave_pods
Lair:2:   layout_layer_cave, nicolae_shoals_entry_roost,
          spider_nest_entry_rubble, uniq_erica
Lair:3:   layout_loops_ring
Lair:4:   layout_hall_layers, slime_entry_1, nzn_sisyphean_effort
Lair:5:   cheibrodos_lair_end_hotspot, layout_regular_city,
          grunt_forest_large_clearing_hut
Orc:1:    layout_caves, uniq_urug
Orc:2:    st_orc_elflike, layout_caves, serial_shops, shop_statue, shop,
          nicolae_shop_overgrown_old_shop, nicolae_shop_tiny_real_fake_doors,
          shop, uniq_jorgrun

Skill      XL: |  1  2  3  4  5  6  7  8  9 10 11 12 13 14 15 |
---------------+----------------------------------------------+-----
Stealth        | 1 2 3 4 5 |  5.0
Fighting       | 2 3 4 5 6 8 10 12 | 12.4
Dodging        | 3 4 5 7 9 10 | 10.0
Evocations     | 4 5 |  5.0
Long Blades    | 6 10 13 14 | 14.0
Invocations    | 7 9 11 | 11.3
Shields        | 4 7 9 10 | 10.3
Shapeshifting  | 1 10 | 10.7

Action                     |  1- 3 |  4- 6 |  7- 9 | 10-12 | 13-15 || total
---------------------------+-------+-------+-------+-------+-------++-------
  Melee: Club              |    79 |       |       |       |       ||    79
         Tailslap          |    12 |    13 |    80 |   172 |   367 ||   644
         Whip              |    48 |    65 |    25 |       |       ||   138
         Dagger            |       |       |   299 |       |       ||   299
         Long sword        |       |       |    60 |     3 |       ||    63
         Demon blade       |       |       |       |   906 |  1579 ||  2485
         Maw               |       |       |       |       |   187 ||   187
 Invoke: Lesser Servant of |       |       |       |       |     9 ||     9
         Major Destruction |       |       |       |       |     2 ||     2
Ability: Noxious Breath    |       |       |       |     3 |     5 ||     8
  Evoke: Wand              |     1 |     7 |    23 |    17 |     7 ||    55
    Use: Potion            |     1 |       |     2 |     6 |     2 ||    11
         Scroll            |       |       |    12 |    15 |     9 ||    36
   Stab: Sleeping          |     3 |     3 |     8 |     8 |     9 ||    31
         Confused          |       |       |       |     4 |    10 ||    14
         Invisible         |       |       |       |     5 |     6 ||    11
         Distracted        |       |       |       |       |     4 ||     4
         Petrifying        |       |       |       |       |     1 ||     1
 Armour: Skin              |    71 |    57 |   226 |   430 |   669 ||  1453
  Dodge: Dodged            |    82 |    49 |   236 |   685 |  1164 ||  2216
  Block: Buckler           |       |       |       |       |   299 ||   299
   Form: Maw               |       |       |       |       |     1 ||     1

Table legend: (Time is in decaauts)
 A = Elapsed time spent in this place.
 B = Non-inter-level travel time spent in this place.
 C = Inter-level travel time spent in this place.
 D = Time resting spent in this place.
 E = Time spent auto-exploring this place.
 F = Levels seen in this place.
 G = Mean time per level.
                   A        B        C        D        E       F      G
               +--------+--------+--------+--------+--------+-----+--------+
         Total |  21537 |  19450 |   2087 |   2617 |  12187 |  23 |  936.4 |
       Dungeon |  14134 |  13038 |   1096 |   1966 |   8321 |  15 |  942.3 |
        Temple |     11 |     11 |      0 |      0 |      0 |   1 |   11.0 |
          Lair |   5801 |   5021 |    780 |    596 |   2973 |   5 | 1160.2 |
  Orcish Mines |   1590 |   1380 |    210 |     55 |    892 |   2 |  795.0 |
               +--------+--------+--------+--------+--------+-----+--------+

Top non-repeatable levels by time:
  Lair:5: 1832 daAuts
     D:7: 1582 daAuts
     D:5: 1423 daAuts
     D:6: 1298 daAuts
     D:4: 1254 daAuts
  Lair:1: 1223 daAuts
   Orc:2: 1195 daAuts
    D:12: 1131 daAuts
     D:8: 1068 daAuts
  Lair:2: 1032 daAuts
    D:10: 986 daAuts
     D:3: 985 daAuts
  Lair:3: 905 daAuts
    D:14: 886 daAuts
  Lair:4: 807 daAuts
